 Dungeon Crawl Stone Soup version 0.16-a0-3115-g4870798 (webtiles) character file.

14122 Ololoev the Jinx (level 11, -12/51 HPs)
             Began as a Felid Enchanter on Dec 12, 2014.
             Was an Elder of Sif Muna.
             Hit by a large rock thrown by a cyclops (48 damage)
             ... on level 4 of the Orcish Mines on Dec 13, 2014.
             The game lasted 01:39:26 (19149 turns).

Ololoev the Jinx (Felid Enchanter)                 Turns: 19149, Time: 01:39:26

Health: -12/51     AC:  3    Str:  4    XL:     11   Next: 84%
Magic:  19/26      EV: 25    Int: 19    God:    Sif Muna [****..]
Gold:   1674       SH:  0    Dex: 18    Spells: 4 memorised, 10 levels left
                                        Lives:  0   Deaths: 3

rFire  . . .     SeeInvis +       - Unarmed
rCold  . . .     Rnd*Rage +     (armour unavailable)
rNeg   . . .     SustAb   .     (shield unavailable)
rPois  .         Gourm    .     (helmet unavailable)
rElec  .         Spirit   .     (cloak unavailable)
rCorr  .         Warding  .     (gloves unavailable)
rMut   .         Stasis   .     (boots unavailable)
MR     ++...                    (no amulet)
Stlth  +++++.....               A - ring of protection from magic
                                j - +2 ring of slaying

@: quick, very resistant to hostile enchantments, quite stealthy
A: paw claws, no armour, no weapons or thrown items, fangs 3, molten scales 1,
see invisible, berserk 1, carnivore 3, speed 1, shaggy fur 2, slow metabolism 1
a: Channel Energy, Forget Spell, Renounce Religion


You were on level 4 of the Orcish Mines.
You worshipped Sif Muna.
Sif Muna was greatly pleased with you.
You were full.

You visited 3 branches of the dungeon, and saw 16 of its levels.
You also visited: Sewer.

You collected 1739 gold pieces.
You spent 65 gold pieces at shops.

Notes
Turn   | Place    | Note
--------------------------------------------------------------
     0 | D:1      | Ololoev, the Felid Enchanter, began the quest for the Orb.
     0 | D:1      | Reached XP level 1. HP: 7/7 MP: 4/4
     2 | D:1      | Noticed a naga
     2 | D:1      | Noticed an elf
     4 | D:1      | Noticed an octopode
     6 | D:1      | Noticed a formicid
     8 | D:1      | Noticed a vampire
    10 | D:1      | Noticed a felid
    12 | D:1      | Noticed a demonspawn
    12 | D:1      | Noticed a troll
    14 | D:1      | Noticed a human
    14 | D:1      | Noticed a merfolk
    16 | D:1      | Noticed a minotaur
    16 | D:1      | Noticed a vine stalker
    18 | D:1      | Noticed a tengu
    18 | D:1      | Noticed a spriggan
    20 | D:1      | Noticed a ghoul
    20 | D:1      | Noticed a centaur
    22 | D:1      | Noticed a dwarf
    24 | D:1      | Noticed an ogre
    24 | D:1      | Noticed a demigod
    26 | D:1      | Noticed a gargoyle
    26 | D:1      | Noticed a draconian
   481 | D:1      | Reached XP level 2. HP: 6/11 MP: 3/5
   485 | D:1      | Learned a level 2 spell: Ensorcelled Hibernation
  1142 | D:2      | Found a basalt altar of Yredelemnul.
  1310 | D:2      | Reached skill level 5 in Hexes
  1376 | D:2      | Reached XP level 3. HP: 14/14 MP: 8/8
  1410 | D:2      | Found a bloodstained altar of Trog.
  1458 | D:2      | Found a snail-covered altar of Cheibriados.
  1908 | D:2      | Learned a level 3 spell: Confuse
  2175 | D:3      | Reached XP level 4. HP: 18/18 MP: 10/10
  2289 | D:3      | Found a blossoming altar of Fedhas.
  2470 | D:3      | Reached skill level 6 in Hexes
  2500 | D:3      | Found a glowing drain.
  2527 | Sewer    | Entered a sewer
  2634 | Sewer    | Noticed a big kobold
  2660 | Sewer    | Killed a big kobold
  2660 | Sewer    | Reached XP level 5. HP: 14/21 MP: 7/12
  2706 | Sewer    | Found a white marble altar of Elyvilon.
  2807 | D:3      | Found a radiant altar of Vehumet.
  3177 | D:4      | Reached skill level 7 in Hexes
  3290 | D:4      | Found a staircase to the Ecumenical Temple.
  3372 | D:4      | Noticed Eustachio
  3498 | D:4      | Killed Eustachio
  3498 | D:4      | Gained mutation: You are covered in thick fur (AC +2). [growing up]
  3498 | D:4      | Reached XP level 6. HP: 21/24 MP: 11/14
  3530 | D:4      | Reached skill level 5 in Unarmed Combat
  3530 | D:4      | Reached skill level 8 in Hexes
  3537 | Temple   | Entered the Ecumenical Temple
  3561 | Temple   | Became a worshipper of Sif Muna the Loreminder
  3777 | D:4      | Noticed an ogre
  3805 | D:4      | Killed an ogre
  3805 | D:4      | Reached XP level 7. HP: 24/27 MP: 3/17
  4196 | D:5      | Entered Level 5 of the Dungeon
  4459 | D:5      | Reached skill level 9 in Hexes
  5198 | D:5      | Noticed Crazy Yiuf
  5207 | D:5      | Killed Crazy Yiuf
  5207 | D:5      | Reached XP level 8. HP: 31/31 MP: 11/18
  5739 | D:6      | Acquired Sif Muna's first power
  5772 | D:6      | Reached skill level 10 in Hexes
  6009 | D:7      | Noticed Ijyb
  6069 | D:7      | Killed Ijyb
  6196 | D:7      | Found a staircase to the Ecumenical Temple.
  6217 | D:7      | Learned a level 4 spell: Enslavement
  6422 | D:7      | Reached skill level 5 in Stealth
  6927 | D:7      | Reached XP level 9. HP: 34/34 MP: 19/22
  7434 | D:8      | Found a shimmering altar of Xom.
  7435 | D:8      | Found a shimmering altar of Xom.
  7561 | D:8      | Found Thruoq's Armour Emporium.
  7591 | D:8      | Found a glowing golden altar of the Shining One.
  7782 | D:8      | Acquired Sif Muna's second power
  7806 | D:8      | Reached skill level 11 in Hexes
  8062 | D:9      | Slain by a troll
  8063 | D:9      | Reached XP level 8. HP: -5/31 MP: 16/22
  8082 | D:9      | Found a shattered altar of Ashenzari.
  8322 | D:9      | Found a staircase to the Orcish Mines.
  8326 | D:9      | Noticed Edmund
  8367 | D:9      | Reached XP level 9. HP: 20/34 MP: 1/23
  8505 | D:9      | Reached skill level 5 in Spellcasting
  8690 | D:9      | Killed Edmund
  9123 | D:9      | Found a basalt altar of Yredelemnul.
  9281 | D:10     | Entered Level 10 of the Dungeon
  9281 | D:10     | Noticed an unseen horror
  9288 | D:10     | Killed an unseen horror
  9288 | D:10     | Reached skill level 10 in Unarmed Combat
  9474 | D:10     | Reached skill level 1 in Fighting
  9474 | D:10     | Reached skill level 12 in Hexes
  9737 | D:10     | Found Kesel's Book Emporium.
  9751 | D:10     | Found a glowing golden altar of the Shining One.
  9837 | D:10     | Reached XP level 10. HP: 40/40 MP: 23/25
 10301 | D:10     | Noticed a hill giant
 10324 | D:10     | Killed a hill giant
 10743 | D:11     | HP: 1/42 [orc priest/divine providence (14)]
 11398 | D:11     | Reached skill level 5 in Fighting
 11440 | D:11     | Reached skill level 13 in Hexes
 11449 | D:11     | Noticed a brown ugly thing
 11477 | D:11     | Killed a brown ugly thing
 11482 | D:11     | Gained mutation: You are partially covered in molten scales (AC +1). [mutagenic meat]
 11483 | D:11     | Gained mutation: You tend to lose your temper in combat. [mutagenic meat]
 11665 | D:11     | Noticed a manticore
 11861 | D:11     | Killed from afar by a gargoyle
 11862 | D:11     | Reached XP level 9. HP: -4/41 MP: 1/24
 11862 | D:11     | Found a staircase to the Lair.
 11914 | D:11     | Noticed a five-headed hydra
 11930 | D:11     | Demolished by a five-headed hydra
 11931 | D:11     | Reached XP level 8. HP: -14/38 MP: 14/22
 11941 | D:11     | Reached XP level 9. HP: 41/41 MP: 24/24
 12202 | Orc:1    | Entered Level 1 of the Orcish Mines
 12207 | Orc:1    | Noticed an orc sorcerer
 12503 | Orc:1    | Killed an orc sorcerer
 13298 | Orc:2    | Upgraded the game from 0.16-a0-3105-gd90c058 to 0.16-a0-3115-g4870798
 13818 | Orc:3    | Found a staircase to the Elven Halls.
 13987 | Orc:3    | Reached XP level 10. HP: 30/47 MP: 15/25
 14928 | Orc:3    | Reached skill level 1 in Ice Magic
 15041 | Orc:4    | Entered Level 4 of the Orcish Mines
 16470 | Orc:4    | Reached skill level 14 in Hexes
 16760 | Orc:4    | Reached skill level 5 in Dodging
 16868 | Orc:4    | Noticed an orc knight
 16870 | Orc:4    | Killed an orc knight
 16905 | Orc:4    | Found a runed door.
 16916 | Orc:4    | Noticed a cyclops
 16930 | Orc:4    | Killed a cyclops
 17107 | Orc:4    | Noticed an orc sorcerer
 17118 | Orc:4    | Killed an orc sorcerer
 17118 | Orc:4    | Reached XP level 11. HP: 46/51 MP: 26/26
 17342 | Orc:4    | Noticed an orc warlord
 17408 | Orc:4    | Killed an orc warlord
 17408 | Orc:4    | Acquired Sif Muna's third power
 17469 | Orc:4    | Found a roughly hewn altar of Beogh.
 17562 | Orc:4    | Noticed an orc high priest
 17575 | Orc:4    | Noticed a sun demon
 17749 | Orc:4    | Killed an orc high priest
 17941 | Orc:4    | Found Sywn's Food Emporium.
 17979 | Orc:4    | Noticed an orc high priest
 18024 | Orc:4    | Noticed an orc high priest
 18070 | Orc:4    | Killed an orc high priest
 18190 | Orc:4    | Killed an orc high priest
 18263 | Orc:4    | Found Yzeur's General Store.
 18263 | Orc:4    | Noticed an orc high priest
 18287 | Orc:4    | Killed an orc high priest
 18334 | Orc:4    | Bought a scroll of identify for 26 gold pieces
 18334 | Orc:4    | Bought a scroll of remove curse for 39 gold pieces
 18883 | Orc:4    | Noticed Nergalle
 18896 | Orc:4    | Killed Nergalle
 18959 | Orc:4    | Found a roughly hewn altar of Beogh.
 18960 | Orc:4    | Found Jubadyr's Armour Emporium.
 19055 | Orc:4    | Noticed an orc knight
 19095 | Orc:4    | Noticed an orc sorcerer
 19098 | Orc:4    | Killed an orc knight
 19102 | Orc:4    | Killed an orc sorcerer
 19146 | Orc:4    | Noticed a cyclops
 19149 | Orc:4    | Hit by a large rock thrown by a cyclops

Inventory:

Jewellery
 j - a +2 ring of slaying (left paw)
 t - an uncursed ring of positive energy
 A - a ring of protection from magic (right paw)
Magical devices
 i - a wand of slowing (24)
 H - a wand of hasting (3)
Scrolls
 a - 2 scrolls of blinking {unknown}
 c - a scroll of random uselessness {unknown}
 k - 8 scrolls of teleportation
 o - a scroll of noise {unknown}
 p - 2 scrolls of amnesia {unknown}
 s - a scroll of magic mapping
 v - a scroll of holy word {unknown}
 w - 2 scrolls of fear {unknown}
 x - 3 scrolls of fog {unknown}
 y - a scroll of recharging {unknown}
 z - 2 scrolls of remove curse
 B - a scroll of summoning {unknown}
 F - a scroll of brand weapon {unknown}
 I - a scroll of immolation {unknown}
 K - a scroll of identify
Potions
 e - 3 potions of heal wounds
 f - 2 potions of curing {unknown}
 g - a potion of might
 l - a potion of berserk rage {unknown}
 m - 2 potions of restore abilities
 n - 2 potions of flight
 q - 3 potions of agility
 r - 2 potions of brilliance {unknown}
 C - a potion of ambrosia {unknown}
 D - a potion of invisibility {unknown}
 E - a potion of cancellation {unknown}
 G - a potion of haste {unknown}
Comestibles
 b - 10 royal jellies
 d - 2 meat rations
 h - 2 slices of pizza
 u - 5 beef jerkies

Table legend:
 A = Turns spent in this place as a percentage of turns spent in the entire game.
 B = Non-inter-level travel turns spent in this place as a percentage of non-inter-level travel turns spent in the entire game.
 C = Inter-level travel turns spent in this place as a percentage of turns spent in this place.
 D = Turns resting spent in this place as a percentage of non-inter-level travel turns spent in this place.
 E = Turns spent auto-exploring this place as a percentage of non-inter-level travel turns spent in this place.
 F = Non-inter-level travel turns spent in this place divided by the number of levels of this place that you've seen.
                   A       B       C       D       E      F
               +-------+-------+-------+-------+-------+----------------------
         Total | 100.0 | 100.0 |   0.6 |   5.5 |   6.5 | 370.6
       Dungeon |  55.9 |  55.9 |   0.5 |   5.6 |   8.0 | 320.3
        Temple |   0.5 |   0.4 |   3.4 |   0.0 |   0.0 |  28.0
  Orcish Mines |  41.3 |  41.2 |   0.7 |   5.5 |   4.9 | 649.0
         Sewer |   2.4 |   2.4 |   0.0 |   3.9 |   0.7 | 153.0
               +-------+-------+-------+-------+-------+----------------------


   Skills:
 - Level 8.2 Fighting
 * Level 8.8 Dodging
 - Level 9.2 Stealth
 + Level 12.0 Unarmed Combat
 + Level 5.1 Spellcasting
 + Level 14.8 Hexes
 + Level 3.7 Ice Magic


You had 10 spell levels left.
You knew the following spells:

 Your Spells              Type           Power        Failure   Level  Hunger
a - Corona                Hex            ######.      1%          1    None
b - Ensorcelled Hibernat  Hex/Ice        #####.       1%          2    #......
c - Confuse               Hex            ######..     1%          3    ##.....
d - Enslavement           Hex            ######..     1%          4    ####...


Dungeon Overview and Level Annotations

Branches:
Dungeon (11/15)            Temple (1/1) D:4            Lair (0/8) D:11
    Orc (4/4) D:9             Elf (0/3) Orc:3

Altars:
Ashenzari
Cheibriados
Dithmenos
Elyvilon
Fedhas
Gozag
Kikubaaqudgha
Makhleb
Nemelex Xobeh
Okawaru
Qazlal
Ru
Sif Muna
Trog
Vehumet
Xom
Yredelemnul
Zin
The Shining One
Beogh

Shops:
D:8 [   D:10 :   Orc:4 [%*

Annotations:
Orc:4 runed door


Innate Abilities, Weirdness & Mutations

You cannot wear armour.
You are incapable of wielding weapons or throwing items.
Your paws have sharp claws.
You have razor-sharp teeth.
You have supernaturally acute eyesight.
You are carnivorous and can eat meat at any time.
You cover ground quickly.
You are covered in thick fur (AC +2).
You have a slow metabolism.
You are partially covered in molten scales (AC +1).
You tend to lose your temper in combat.


Message History

Aiming: Confuse
Press: ? - help, Shift-Dir - straight line, f - troll, p - orc warrior
Aim: a troll The troll appears confused.
You see here a short sword.
Items here: )) [ ÷ a dagger; a robe; a giant club; the orc skeleton of Nergalle You see here a whip.
There is an open door, spattered with blood here.
Things that are here:
a whip; a chain mail; a flail You claw the troll!
The troll begins to bleed from its wounds!
You bite the troll.
The troll is moderately wounded.
Casting: Confuse
Confirm with . or Enter, or press ? or * to list all spells.
Aiming: Ensorcelled Hibernation
Press: ? - help, Shift-Dir - straight line, f/p - troll
Aim: a troll (moderately wounded, bewildered and confused, bleeding)
The troll resists with significant effort.
You claw the troll! Your bite misses the troll.
The troll is heavily wounded.
The troll says, "I'm a little confused."
You mangle the troll!!
The troll is almost dead.
You catch the helpless troll completely off-guard!
You eviscerate the troll!!!
You kill the troll!
There is an open door, spattered with blood here.
Things that are here:
a whip; a chain mail; a flail
Things that are here:
a chain mail; a mace A cyclops comes into view.
The cyclops shouts!
An orc warrior comes into view. It is wielding a war axe.
The cyclops throws a large rock.
The large rock hits you!!!
Ouch! That really hurt!
You die...

≈....#......'....#..
#.C♣.........####.###
#♣........ ... #....
###P....... .... ####.
###.............# #.
#.#........#...o# #.
#...............# #.
..#..)......#.....# #.
..##......@##....## ##'
#'##.......###.##.# #..
#.##.........#####.# ####.[
o.#..)[[).....##..####..###
#.#..).))[)...###..##......
#####T###)###......###)...)....
#...#.#.)[.)#........#....[....
#...'.#)....#.........#...[....
#∩..#.'..⌠..#...)[..[[..(..#...


You could see a cyclops.

Table legend:
 A = Kills in this place as a percentage of kills in entire the game.
 B = Kills by you in this place as a percentage of kills by you in the entire game.
 C = Kills by friends in this place as a percentage of kills by friends in the entire game.
 D = Other kills in this place as a percentage of other kills in the entire game.
 E = Experience gained in this place as a percentage of experience gained in the entire game.
 F = Experience gained in this place divided by the number of levels of this place that you have seen.
                   A       B       C       D       E      F
               +-------+-------+-------+-------+-------+----------------------
         Total | 100.0 | 100.0 | 100.0 | 100.0 | 100.0 | 1768.9
       Dungeon |  51.6 |  53.4 |  45.7 |  28.6 |  45.7 | 1249.9
  Orcish Mines |  47.2 |  45.6 |  54.3 |  65.7 |  54.0 | 4057.8
         Sewer |   1.3 |   1.1 |   0.0 |   5.7 |   0.3 |  92.0
               +-------+-------+-------+-------+-------+----------------------

Vanquished Creatures
  An orc warlord (Orc:4)
  4 orc high priests (Orc:4)
  Nergalle (Orc:4)
  An unseen horror (D:10)
  An orc knight (Orc:4)
  A hill giant (D:10)
  A cyclops (Orc:4)
  2 orc sorcerers
  An ugly thing (D:11)
  Edmund (D:9)
  2 two-headed ogres
  5 trolls
  Eustachio (D:4)
  3 wargs
  A wyvern (D:10)
  3 yaks (D:11)
  A hungry ghost (D:7)
  A hippogriff (D:11)
  2 soldier ants (D:11)
  A water moccasin (D:7)
  A mottled dragon (D:11)
  25 orc warriors
  4 phantoms
  3 ice beasts
  A sky beast (D:8)
  A yellow wasp (D:8)
  10 ogres
  A necrophage (D:11)
  2 eyes of draining
  5 centaurs
  A brain worm (D:11)
  8 giant frogs
  4 big kobolds
  A gnoll sergeant (D:5)
  A wyvern skeleton (D:7)
  A scorpion (D:5)
  2 killer bees
  4 wights (D:11)
  A yellow wasp zombie (D:11)
  2 crimson imps
  2 centaur zombies
  2 goliath beetles
  2 quasits
  3 giant frog skeletons
  A giant frog zombie (D:6)
  Crazy Yiuf (D:5)
  7 hounds
  2 jellies
  19 orc wizards
  3 centaur skeletons
  3 iguanas
  25 orc priests
  10 worker ants
  Ijyb (D:7)
  A hound skeleton (D:9)
  3 worker ant zombies
  5 gnolls
  8 adders
  2 shadow imps
  3 giant mites (D:3)
  2 worms
  2 adder zombies
  An adder skeleton (D:5)
  3 oozes
  230 orcs
  2 ball pythons (D:3)
  19 bats
  A bat zombie (D:8)
  21 goblins
  17 hobgoblins
  7 jackals
  A quokka (D:8)
  9 giant cockroaches
  4 giant geckos
  A giant gecko zombie (D:6)
  4 giant newts
  33 kobolds
  A quokka zombie (D:5)
  21 rats
  A spectral orc (D:2)
  A ballistomycete (D:7)
  A fungus (D:5)
597 creatures vanquished.

Vanquished Creatures (collateral kills)
  An orc sorcerer (Orc:4)
  An orc knight (Orc:4)
  2 orc warriors (Orc:4)
  An ogre (Orc:4)
  A crocodile (D:7)
  A gnoll sergeant (D:11)
  3 killer bees (D:10)
  An orc priest (D:10)
  2 orc wizards
  A gnoll (D:11)
  19 orcs
  2 kobolds (D:10)
  A giant spore (D:7)
36 creatures vanquished.

Vanquished Creatures (others)
  A two-headed ogre (Orc:4)
  4 orc warriors
  A gnoll sergeant (D:11)
  2 giant frogs (D:9)
  5 killer bees (D:10)
  An orc priest (Orc:3)
  6 orcs
  A ball python (D:1)
  A goblin (Orc:4)
22 creatures vanquished.

Grand Total: 655 creatures vanquished

Action                   |  1- 3 |  4- 6 |  7- 9 | 10-12 || total
-------------------------+-------+-------+-------+-------++-------
Melee: Unarmed           |    95 |   128 |   460 |   470 ||  1153
 Cast: Corona            |     5 |       |       |       ||     5
       Ensorcelled Hiber |    12 |    27 |    73 |    31 ||   143
       Confuse           |       |    17 |   103 |   199 ||   319
       Enslavement       |       |       |    13 |    34 ||    47
Invok: Channel Energy    |       |       |       |    32 ||    32
  Use: Scroll            |       |     5 |     9 |     1 ||    15
       Potion            |       |       |       |     1 ||     1
 Stab: Sleeping          |    18 |    26 |    84 |    36 ||   164
       Confused          |       |     6 |    31 |    52 ||    89
       Distracted        |       |       |     2 |     4 ||     6
  Eat: Chunk             |     5 |    12 |    36 |    37 ||    90

Vault maps used:
D:1:      kb_arrival_jail, lemuel_flame_loot_1
D:2:      bloody_trog, cheibriados_altar_wand_db,
          yredelemnul_forgotten_temple_becter
D:3:      nicolae_overflow_crystal_walls, vehumet_crystals,
          portal_sewer_entry_e, minmay_misc_feat_enclosed
D:4:      temple_statues, first_bread, uniq_eustachio
D:5:      uniq_crazy_yiuf_cottage
D:7:      minmay_temple_entry_purple_smoke, kennysheep_generic_room_12,
          uniq_iyjb
D:8:      xom_redecorated, serial_shops, shop_statue, tso_metal_star
D:9:      cheibrodos_ashenzari_chains, david_orc_2, basic_altar, uniq_edmund
D:10:     serial_shops, shop, basic_altar
D:11:     erik_lair_orcish_takeover, hangedman_pestilent_swarm,
          kennysheep_generic_room_9
Temple:   triangle_lava_temple_12
Orc:2:    minmay_goldmine
Orc:3:    serial_shops, nicolae_orc_pool_cavern
Orc:4:    pubby_orc_utopia, uniq_nergalle
Sewer:    sewer_kobolds
